 Dungeon Crawl Stone Soup version 0.28-a0-561-gc72452776e (webtiles) character file.

Game seed: 8653960366216681944

3296 Conn the Firebug (level 10, -21/61 HPs)
             Began as an Octopode Fire Elementalist on Sept 29, 2021.
             Was a Follower of Sif Muna.
             Demolished by Harold (23 damage)
             ... on level 7 of the Dungeon.
             The game lasted 00:22:56 (8326 turns).

Conn the Firebug (Octopode Fire Elementalist)       Turns: 8326, Time: 00:22:56

Health: -21/61     AC:  3    Str:  7    XL:     10   Next: 1%
Magic:  14/28      EV: 16    Int: 21    God:    Sif Muna [*.....]
Gold:   132        SH:  0    Dex: 27    Spells: 6/22 levels left

rFire   + . .      SeeInvis +   B - +6 quarterstaff of Atiuniwi {protect, Will- MP+9 Dex+8 SInv}
rCold   x . .      Faith    .   (shield currently unavailable)
rNeg    + . .      Spirit   .   s - +2 hat
rPois   .          Reflect  .   (no amulet)
rElec   .          Harm     .   m - ring of fire
rCorr   .          Rampage  .   w - +4 ring of slaying
Will    .....                   z - ring "Agilyxto" {rN+ Dex+6}
Stlth   +++++.....              (no ring)
HPRegen 0.20/turn               (no ring)
MPRegen 0.21/turn               (no ring)
                                (no ring)
                                (no ring)

@: sluggish, marked, very slightly contaminated, invisible, very slow
A: almost no armour, amphibious, 8 rings, camouflage 1, gelatinous body 1,
(nimble swimmer 1), tentacles
a: Renounce Religion, Channel Magic


You were on level 7 of the Dungeon.
You worshipped Sif Muna.
Sif Muna was aware of your devotion.
You visited 2 branches of the dungeon, and saw 9 of its levels.

You collected 366 gold pieces.
You spent 234 gold pieces at shops.

Inventory:

Hand Weapons
 d - a +0 dagger
 o - a +0 flail of protection
 B - the +6 quarterstaff of Atiuniwi (weapon) {protect, Will- MP+9 Dex+8 SInv}
   (You bought it in a shop on level 3 of the Dungeon)

   It grants its wielder temporary protection when it strikes (+7 to AC).
   Dex:       It affects your dexterity (+8).
   MP:        It affects your magic capacity (+9).
   SInv:      It lets you see invisible.
   Will:      It decreases your willpower.
Armour
 s - a +2 hat (worn)
Jewellery
 m - a ring of fire (left tentacle)
 w - a +4 ring of slaying (right tentacle)
 z - the ring "Agilyxto" (on tentacle) {rN+ Dex+6}
   (You found it on level 5 of the Dungeon)

   [ring of dexterity]

   Dex:       It affects your dexterity (+6).
   rN:        It protects you from negative energy.
Scrolls
 b - 4 scrolls of teleportation
 e - a scroll of noise
 r - a scroll of fear {unknown}
 y - a scroll of enchant weapon {unknown}
 A - a scroll of brand weapon {unknown}
Potions
 c - a potion of attraction
 g - a potion of brilliance
 h - a potion of curing
 k - a potion of ambrosia
 l - a potion of flight
 n - a potion of haste
 p - a potion of lignification {unknown}
 q - a potion of magic {unknown}
 t - a potion of degeneration {unknown}
 u - a potion of berserk rage {unknown}
 v - a potion of mutation {unknown}
 x - 2 potions of might {unknown}


   Skills:
 + Level 2.6 Fighting
 + Level 0.4 Short Blades
 + Level 2.6 Maces & Flails
 + Level 3.7 Dodging
 + Level 5.0 Stealth
 + Level 0.2 Unarmed Combat
 + Level 6.5 Spellcasting
 + Level 5.9 Conjurations
 + Level 1.2 Hexes
 + Level 7.3 Fire Magic
 * Level 3.2 Air Magic
 * Level 3.1 Invocations


You had 6 spell levels left.
You knew the following spells:

 Your Spells              Type           Power      Damage    Failure   Level
a - Foxfire               Conj/Fire      100%       2x1d9     1%          1
b - Conjure Flame         Conj/Fire      51%        6-21      1%          3
c - Inner Flame           Hex/Fire       37%        N/A       4%          3
d - Flame Wave            Conj/Fire      51%        3d10      6%          4
e - Scorch                Fire           100%       2d10      1%          2
f - Swiftness             Air            20%        N/A       8%          3

Your spell library contained the following spells:

 Spells                   Type           Power      Damage    Failure   Level
 Animate Skeleton         Necr           12%        N/A       10%         1
 Pain                     Necr           24%        1d5       10%         1
 Ensorcelled Hibernation  Hex/Ice        18%        N/A       11%         2
 Passwall                 Tmut/Erth      5%         N/A       14%         2
 Spider Form              Tmut/Pois      3%         N/A       28%         3
 Vampiric Draining        Necr           3%         2d6       28%         3
 Cause Fear               Hex            6%         N/A       50%         4
 Invisibility             Hex            6%         N/A       100%        6
 Discord                  Hex            6%         N/A       100%        8


Dungeon Overview and Level Annotations

Branches:
Dungeon (8/15)             Temple (1/1) D:5
   Lair: D:8-11

Altars:
Elyvilon
Fedhas
Gozag
Hepliaklqana
Okawaru
Qazlal
Sif Muna
Trog
Uskayaw
Vehumet
Wu Jian
Xom
The Shining One

Shops:
D:2 ?![(   D:3 *   D:6 *(

Annotations:
D:7 Harold


Innate Abilities, Weirdness & Mutations

You cannot wear most types of armour.
You are amphibious.
You can wear up to eight rings at the same time.
Your skin changes colour to match your surroundings (Stealth+).
Your rubbery body absorbs attacks. (AC +1, EV +1)
((You are camouflaged near water. (Stealth+)))
You have tentacles for arms and can constrict up to eight enemies at once.


Message History

Your foxfire dissipates!
Harold is no longer more vulnerable to fire.
The foxfire hits Harold but does no damage.
Harold is almost dead.
Harold drinks a potion.
Harold is healed!
Harold fires a harpoon shot at you. The harpoon shot hits you!
You are yanked forward by the harpoon shot.
Casting: Foxfire (safe; 1% risk of failure)
Confirm with . or Enter, or press ? or * to list all spells.
Okay, then.
Okay, then.
Casting: Foxfire (safe; 1% risk of failure)
Confirm with . or Enter, or press ? or * to list all spells.
You feel a surge of power!
You conjure some foxfire!
Harold hits you with a +2 war axe of freezing!
Harold freezes you.
Unknown command.
Your foxfire dissipates!
The foxfire hits Harold.
Flame seeps out of Harold.
Harold is almost dead.
Harold is engulfed in blazing flames.
Flame seeps out of Harold.
Harold hits you with a +2 war axe of freezing!
* * * LOW HITPOINT WARNING * * *
Harold freezes you.
* * * LOW HITPOINT WARNING * * *
Okay, then.
Okay, then.
Unknown command.
Unknown command.
Unknown command.
Unknown command.
You start to feel a little faster.
Okay, then.
Okay, then.
You fade into invisibility!
Harold misses you.
You are very lightly contaminated with residual magic.
Harold hits you with a +2 war axe of freezing!!
You die...

#.#....###+##
≈≈S
#.'.........#
#####
###........#
.....
#........#
#####
#...#)...#
#...#....######
#...#....# ≈≈≈#
#...#....#####
#...##..@.#..#
#######@###.##
#.###.#######
#(...........
#############


You could see Harold (inner flame).

Vanquished Creatures
  A troll (D:7)
  A hornet (D:7)
  Prince Ribbit (D:7)
  The ghost of confidenceinterval the Conjurer, an amateur DsCj (D:5)
  A steam dragon (D:7)
  3 water moccasins
  A black bear (D:4)
  An orc warrior (D:7)
  2 necrophages
  2 ogres
  A centaur (D:6)
  A phantom (D:5)
  A kobold brigand (D:7)
  2 bullfrogs (D:6)
  4 scorpions
  A wyvern skeleton (D:6)
  A water moccasin zombie (D:6)
  4 wights (D:4)
  A howler monkey (D:7)
  2 quasits (D:5)
  Crazy Yiuf (D:7)
  A hound (D:7)
  A centaur zombie (D:5)
  2 centaur skeletons
  A jelly (D:5)
  7 iguanas
  An orc wizard (D:7)
  A killer bee zombie (D:6)
  5 adders
  A white imp (D:5)
  2 adder skeletons (D:4)
  A worm (D:3)
  4 dart slugs
  5 orcs
  6 bats
  6 endoplasms
  3 giant cockroaches
  9 goblins
  6 hobgoblins
  6 jackals
  15 kobolds
  6 quokkas
  9 ball pythons
  2 frilled lizards (D:1)
  7 rats
140 creatures vanquished.

Vanquished Creatures (others)
  529 foxfires
529 creatures vanquished.

Grand Total: 669 creatures vanquished

Notes
Turn   | Place    | Note
-------+----------+-------------------------------------------
     0 | D:1      | Conn the Octopode Fire Elementalist began the quest for the
                  | Orb.
     0 | D:1      | Reached XP level 1. HP: 11/11 MP: 3/3
   174 | D:1      | Reached XP level 2. HP: 8/17 MP: 1/5
   752 | D:1      | Reached XP level 3. HP: 21/21 MP: 3/6
  1398 | D:2      | Found Wapn's Weapon Boutique.
  1463 | D:2      | Found Yschefir's Antique Armour Shop.
  1478 | D:2      | Reached XP level 4. HP: 25/27 MP: 0/7
  1815 | D:2      | Found Ymuured's Distillery.
  1831 | D:2      | Found Kigeach's Magic Scroll Boutique.
  1855 | D:2      | Noticed an ogre
  1856 | D:2      | Found a faded altar of an unknown god.
  1861 | D:2      | Killed an ogre
  1862 | D:2      | Reached XP level 5. HP: 31/31 MP: 4/9
  2004 | D:3      | Reached skill level 4 in Fire Magic
  2270 | D:3      | Found Lotuol's Assorted Antiques.
  3441 | D:4      | Reached XP level 6. HP: 36/36 MP: 5/11
  3705 | D:4      | Noticed a black bear
  3802 | D:4      | Killed a black bear
  3803 | D:4      | Reached XP level 7. HP: 42/42 MP: 6/13
  3894 | D:4      | Reached skill level 5 in Fire Magic
  4415 | D:4      | Learned a level 3 spell: Conjure Flame
  4419 | D:4      | Learned a level 3 spell: Inner Flame
  4424 | D:4      | Learned a level 4 spell: Flame Wave
  4427 | D:4      | Learned a level 2 spell: Scorch
  4454 | D:5      | Entered Level 5 of the Dungeon
  4507 | D:5      | Found a transporter.
  4522 | D:5      | Noticed confidenceinterval's ghost (amateur DsCj)
  4844 | D:5      | Found a transporter.
  4901 | D:5      | Reached skill level 1 in Fighting
  4901 | D:5      | Reached XP level 8. HP: 34/48 MP: 9/15
  5043 | D:5      | Reached skill level 1 in Maces & Flails
  5443 | D:5      | Reached skill level 5 in Spellcasting
  5461 | D:5      | Found a staircase to the Ecumenical Temple.
  5467 | Temple   | Entered the Ecumenical Temple
  5482 | Temple   | Became a worshipper of Sif Muna the Loreminder
  5865 | D:6      | Reached skill level 5 in Conjurations
  5909 | D:6      | Reached skill level 6 in Fire Magic
  6145 | D:6      | Found Wier's Mayhem Merchandise.
  6233 | D:6      | Found Roc Pior's Weapon Shop.
  6286 | D:5      | Learned a level 3 spell: Swiftness
  6323 | D:5      | Killed confidenceinterval's ghost
  6324 | D:5      | Reached skill level 1 in Air Magic
  6324 | D:5      | Reached skill level 1 in Invocations
  6324 | D:5      | Reached XP level 9. HP: 16/54 MP: 4/17
  6324 | D:5      | Identified the ring "Agilyxto" {rN+ Dex+6}
  6614 | D:7      | Noticed Prince Ribbit
  6622 | D:7      | Killed Prince Ribbit
  6623 | D:7      | Reached skill level 5 in Stealth
  6658 | D:7      | Noticed a hornet
  6661 | D:7      | Killed a hornet
  6787 | D:7      | Noticed a troll
  6795 | D:7      | Killed a troll
  6796 | D:7      | Reached skill level 1 in Hexes
  7103 | D:7      | Reached * piety under Sif Muna
  7123 | D:7      | Reached skill level 7 in Fire Magic
  7395 | D:7      | Found an ornate altar of the Wu Jian Council.
  7569 | D:3      | Bought a jewelled quarterstaff for 234 gold pieces
  7569 | D:3      | Identified the +6 quarterstaff of Atiuniwi {protect, Will-
                  | MP+9 Dex+8 SInv} (You bought it in a shop on level 3 of the
                  | Dungeon)
  7864 | D:7      | Found a runed translucent door.
  7865 | D:7      | Noticed Crazy Yiuf
  7902 | D:7      | Killed Crazy Yiuf
  8143 | D:7      | Reached XP level 10. HP: 45/61 MP: 19/19
  8297 | D:7      | Noticed Harold
  8323 | D:7      | HP: 1/61 [Harold (3)]
  8326 | D:7      | Demolished by Harold

Illustrated notes

Levels and vault maps discovered:
D:1:      lemuel_arrival_cross, layout_basic, chequers_serial_rivers_micro_d
D:2:      layout_rooms, shapermc_ecumenical_altar_pompeii, serial_shops,
          nicolae_square_shop, shop, shop, shop, minmay_misc_feat_enclosed,
          minmay_ruptured
D:3:      layout_basic, serial_shops, shop, chequers_serial_rivers_small_b
D:4:      layout_basic, kennysheep_generic_room_8
D:5:      kennysheep_spiral_hall, layout_basic, minmay_temple_entry_nine_rooms,
          gammafunk_ghost_stat_death
D:6:      layout_rooms, serial_shops,
          nicolae_shop_temple_entry_statues_fountains, minmay_shop_mayhem,
          minmay_misc_feat_pillars
D:7:      layout_basic, nicolae_wu_jian_immortal_techniques, serial_aquarium,
          aquarium_bridge_straight [aquarium_subvault_bridge,
          aquarium_subvault_window, aquarium_subvault_bridge,
          aquarium_subvault_window], aquarium_window_1, aquarium_window_1,
          aquarium_window_2, aquarium_window_fake, aquarium_view_2c,
          aquarium_balcony_3b, aquarium_pool_side,
          hangedman_abyss_or_decor_slice, uniq_harold, uniq_crazy_yiuf_cottage,
          uniq_prince_ribbit1
D:8:      kennysheep_big_flooded_room, layout_basic, minmay_lair_entry_grove,
          enter_bailey_5, lemuel_flamethrower_1
Temple:   grunt_wide_crystal_templ

Skill      XL: |  1  2  3  4  5  6  7  8  9 |
---------------+----------------------------+-----
Stealth        | 3 4 5 |  5.0
Spellcasting   | 3 4 5 6 |  6.5
Conjurations   | 2 3 4 5 |  5.9
Fire Magic     | 4 5 6 7 |  7.3
Fighting       | 1 2 |  2.6
Maces & Flails | 2 |  2.6
Dodging        | 3 |  3.7
Air Magic      | 1 3 |  3.2
Invocations    | 1 3 |  3.1
Hexes          | 1 |  1.2
Short Blades   | |  0.4
Unarmed Combat | |  0.2

Action                   |  1- 3 |  4- 6 |  7- 9 | 10-12 || total
-------------------------+-------+-------+-------+-------++-------
Melee: Unarmed           |     7 |       |       |       ||     7
       Constrict         |     3 |     5 |    13 |       ||    21
       Tentacles         |     3 |     5 |     9 |       ||    17
       Dagger            |     2 |    19 |       |       ||    21
       Flail             |       |     1 |    41 |       ||    42
       Quarterstaff      |       |       |     1 |       ||     1
 Cast: Foxfire           |    58 |    88 |   149 |     7 ||   302
       Flame Wave        |       |       |     4 |     1 ||     5
       Inner Flame       |       |       |    11 |     2 ||    13
       Conjure Flame     |       |       |     3 |       ||     3
       Scorch            |       |       |     1 |     1 ||     2
       Swiftness         |       |       |       |     1 ||     1
  Use: Scroll            |       |       |    10 |       ||    10
       Potion            |       |       |     1 |     1 ||     2
 Stab: Distracted        |       |       |     1 |       ||     1
       Sleeping          |       |       |     1 |       ||     1
Armor: Skin              |     3 |     1 |    25 |       ||    29
Dodge: Dodged            |    11 |    18 |    68 |     3 ||   100

Table legend: (Time is in decaauts)
 A = Elapsed time spent in this place.
 B = Non-inter-level travel time spent in this place.
 C = Inter-level travel time spent in this place.
 D = Time resting spent in this place.
 E = Time spent auto-exploring this place.
 F = Levels seen in this place.
 G = Mean time per level.
                   A        B        C        D        E       F      G
               +--------+--------+--------+--------+--------+-----+--------+
         Total |   8343 |   8016 |    327 |    354 |   6119 |   9 |  927.0 |
       Dungeon |   8320 |   8001 |    319 |    354 |   6116 |   8 | 1040.0 |
        Temple |     23 |     15 |      8 |      0 |      3 |   1 |   23.0 |
               +--------+--------+--------+--------+--------+-----+--------+

Top non-repeatable levels by time:
     D:4: 1448 daAuts
     D:7: 1439 daAuts
     D:5: 1402 daAuts
     D:1: 1159 daAuts
     D:3: 1156 daAuts
     D:6: 877 daAuts
     D:2: 827 daAuts
  Temple: 23 daAuts
     D:8: 8 daAuts
